AoeStats
← [KMNB] Bandeira

African Clearing

505842921Analyzed
2v2 RM · 22d ago on Sep 11, 2026· 40m 43s· 4 players
Game mode
Random Map
Map size
Medium (4 player)
Population
200
Speed
Normal
Resources
Standard
Victory
Conquest
Starting age
Dark Age
Ending age
Imperial Age
RankedLock teamsTeams togetherTeam positionsShared explorationLock speedFull tech treeHidden civsTurbo modeCheats
Victory
Defeat
🇧🇷 Hindustanis · Brazil
1532
+11
🇧🇷 Huns · Brazil
1530
+11
🇳🇱 Bohemians · Netherlands
1413
-11
🇫🇷 Celts · France
1411
-11
hazbro
4:15 Loom
13:36 Feudal Age
17:30 Forging
22:47 Castle Age
22:52 Light Cavalry
34:42 Double-Bit Axe
noselaw
4:30 Loom
14:14 Feudal Age
20:12 Castle Age
22:43 Chemistry
31:34 Padded Archer Armor
[KMNB] Bandeira
5:40 Loom
12:57 Feudal Age
17:01 Forging
16:57 Scale Barding Armor
24:57 Castle Age
25:44 Double-Bit Axe
25:42 Horse Collar
27:08 Iron Casting
27:29 Husbandry
35:00 Chain Barding Armor
35:00 Gold Mining
36:03 Bloodlines
[KMNB] Dedão
6:51 Loom
12:14 Feudal Age
12:47 Double-Bit Axe
14:39 Forging
16:09 Wheelbarrow
15:54 Horse Collar
21:24 Castle Age
20:39 Bloodlines
20:21 Fletching
21:13 Gold Mining
23:29 Bodkin Arrow
23:51 Bow Saw
34:55 Padded Archer Armor
38:46 Stone Mining
39:53 Ballistics
Connection lost

Rejoining the realm…

Still unreachable

The connection could not be restored.

Session expired

The server has moved on; the page needs a fresh start.